[Event "Fagernes Chess GM-Swiss 2025"]
[Site "Fagernes"]
[Date "2025.04.17"]
[Round "6.21"]
[White "Skaar, Ben Samuel Groth"]
[Black "Gandrud, Vegar Koi"]
[Result "1-0"]
[Annotator "RC"]
[ECO "B90"]
[WhiteElo "2167"]
[BlackElo "2273"]
[PlyCount "53"]
[EventDate "2025.04.12"]
[EventCountry "NOR"]
[SourceTitle "playchess.com"]
[Source "ChessBase"]
[SourceQuality "1"]
[TimeControl "40/6000+30:2400+30"]

1. e4 c5 2. Nf3 d6 3. d4 cxd4 4. Nxd4 Nf6 5. Nc3 a6 6. Rg1 e5 7. Nb3 Be6 8. g4 Be7 9. g5 Nfd7 10. Be3 Nb6 11. Qd2 N8d7 12. O-O-O Qc7 13. f4 exf4 14. Bxf4 Ne5 15. Nd4 Nbc4 16. Bxc4 Nxc4 17. Qd3 O-O-O 18. Nd5 Bxd5 19. exd5 Ne5 20. Qb3 g6 21. Rg3 Kb8 22. Rc3 Qd7 23. Nc6+ Nxc6 24. dxc6 Qc7 25. cxb7 Qxb7 26. Qa4 Ka8 27. Rb3 1-0

[Event "Fagernes Chess GM-Swiss 2025"]
[Site "Fagernes"]
[Date "2025.04.17"]
[Round "6.22"]
[White "Ostensen, Nicolai Maxime"]
[Black "Torfoss, Sivert Schanche"]
[Result "1-0"]
[Annotator "RC"]
[ECO "A28"]
[WhiteElo "2260"]
[BlackElo "2141"]
[PlyCount "163"]
[EventDate "2025.04.12"]
[EventCountry "NOR"]
[SourceTitle "playchess.com"]
[Source "ChessBase"]
[SourceQuality "1"]
[TimeControl "40/6000+30:2400+30"]

1. c4 Nf6 2. Nc3 e5 3. Nf3 Nc6 4. a3 d5 5. cxd5 Nxd5 6. Qc2 Be7 7. e3 a6 8. Be2 O-O 9. O-O Be6 10. b4 Nb6 11. d3 Bf5 12. Bb2 Qd7 13. Ne4 Bxe4 14. dxe4 Qe6 15. Nd2 Rfd8 16. Nc4 Nd7 17. Rac1 Rac8 18. h3 Nf6 19. Bc3 b5 20. Nd2 Nb8 21. Nf3 Bd6 22. Rfd1 c5 23. Qb1 c4 24. Nh4 Nc6 25. g4 h6 26. Kh2 a5 27. Rg1 axb4 28. axb4 Nd4 29. Bd1 Nb3 30. Bxb3 cxb3 31. f3 Ra8 32. Rg2 Ra2 33. Nf5 Bf8 34. Rxa2 bxa2 35. Qb2 Qc4 36. Kg3 Ra8 37. Ra1 Nd7 38. Kf2 Ra4 39. Ng3 Ra8 40. Ne2 Nb6 41. Bxe5 Ra4 42. Bd4 Rxb4 43. Qxa2 Qc7 44. f4 Ra4 45. Qb1 Rxa1 46. Qxa1 Nc4 47. Qc3 Qb7 48. Ng3 Qa6 49. Qb3 Qa5 50. Ne2 Nd6 51. Nc3 b4 52. e5 bxc3 53. exd6 Qd8 54. Qxc3 Qxd6 55. Qc4 Qd8 56. Kg3 Qa8 57. Qd3 Qh1 58. e4 Bb4 59. Bf2 h5 60. gxh5 Be1 61. Bxe1 Qg1+ 62. Kf3 Qxe1 63. Kg2 Qh4 64. Qf3 Qe1 65. e5 Qd2+ 66. Kg3 Qe1+ 67. Qf2 Qe4 68. Qd2 Kh7 69. Qf2 Kh6 70. Kh4 Qf5 71. Qf3 Kh7 72. Qg4 Qe4 73. Kg5 Qe3 74. h6 g6 75. Kf6 Qb6+ 76. Kxf7 Qc7+ 77. Ke8 Qb8+ 78. Ke7 Qb4+ 79. Kf7 Qb7+ 80. Kf6 Qb6+ 81. Qe6 g5 82. Qxb6 1-0

[Event "Fagernes Chess GM-Swiss 2025"]
[Site "Fagernes"]
[Date "2025.04.17"]
[Round "6.23"]
[White "Hebbar, Eshaan"]
[Black "Pang, Ethan"]
[Result "1/2-1/2"]
[Annotator "RC"]
[ECO "D28"]
[WhiteElo "2175"]
[BlackElo "2257"]
[PlyCount "80"]
[EventDate "2025.04.12"]
[EventCountry "NOR"]
[SourceTitle "playchess.com"]
[Source "ChessBase"]
[SourceQuality "1"]
[TimeControl "40/6000+30:2400+30"]

1. d4 d5 2. c4 dxc4 3. e3 Nf6 4. Bxc4 e6 5. Nf3 c5 6. O-O Nc6 7. Qe2 a6 8. dxc5 Bxc5 9. Rd1 Qc7 10. a4 O-O 11. h3 Bd7 12. Nc3 Rfd8 13. e4 Ne5 14. Ba2 Bc6 15. Bg5 Nxf3+ 16. Qxf3 Qe5 17. Bf4 Qh5 18. Qxh5 Nxh5 19. Bc7 Rxd1+ 20. Rxd1 Rc8 21. Bd6 Bb6 22. Kf1 Rd8 23. f3 a5 24. Bc4 Nf6 25. Ke2 Ne8 26. Be7 Rxd1 27. Kxd1 Bc7 28. Nb5 Be5 29. b3 Bf6 30. Bc5 Bd8 31. Ke2 b6 32. Bd4 Nf6 33. Na3 Nd7 34. Ba6 Be7 35. Nc4 Nc5 36. Ne5 Be8 37. Bc4 Kf8 38. Kd2 f6 39. Nd3 e5 40. Nxc5 Bxc5 1/2-1/2

[Event "Fagernes Chess GM-Swiss 2025"]
[Site "Fagernes"]
[Date "2025.04.17"]
[Round "6.24"]
[White "Oksendal, Martin"]
[Black "Simonsen, David Mindestrommen"]
[Result "1/2-1/2"]
[Annotator "RC"]
[ECO "B90"]
[WhiteElo "2250"]
[BlackElo "2034"]
[PlyCount "138"]
[EventDate "2025.04.12"]
[EventCountry "NOR"]
[SourceTitle "playchess.com"]
[Source "ChessBase"]
[SourceQuality "1"]
[TimeControl "40/6000+30:2400+30"]

1. e4 c5 2. Nf3 d6 3. d4 cxd4 4. Nxd4 Nf6 5. Nc3 a6 6. Rg1 e5 7. Nb3 h5 8. h3 Be6 9. Qf3 Nbd7 10. g4 hxg4 11. hxg4 g6 12. g5 Nh5 13. Be3 Rc8 14. O-O-O Qc7 15. Bh3 b5 16. Rd2 b4 17. Nd5 Bxd5 18. exd5 a5 19. Kb1 Ra8 20. Qe2 Be7 21. Qb5 Ng7 22. Bb6 Rb8 23. Bxc7 Rxb5 24. Bf1 Rb7 25. Bxa5 O-O 26. c3 bxc3 27. Bxc3 Bd8 28. Bd3 Nb6 29. Na5 Rc7 30. Bb5 Rc5 31. Bc6 Rxa5 32. Bxa5 Nc4 33. Bxd8 Nxd2+ 34. Kc1 Nf3 35. Rg3 Nd4 36. Bb6 Ne2+ 37. Kc2 Nxg3 38. fxg3 Nf5 39. a4 Ne7 40. b4 Rc8 41. Kd2 Nxc6 42. dxc6 Rxc6 43. a5 Kf8 44. b5 Rc4 45. a6 Ke7 46. a7 Ra4 47. Ba5 Rxa5 48. b6 Ra3 49. b7 Rxa7 50. b8=Q Ra4 51. Qb7+ Kf8 52. Qb8+ Kg7 53. Qc8 Rd4+ 54. Ke3 Rd5 55. Qd8 Rd4 56. Qf6+ Kg8 57. g4 Rd5 58. Qe7 Rd4 59. Kf3 Rd3+ 60. Ke2 Rd4 61. Ke3 Kg7 62. Kf3 Rd3+ 63. Kg2 Rd4 64. Kg3 Rd3+ 65. Kh4 Kg8 66. Qd8+ Kg7 67. Qf6+ Kg8 68. Qd8+ Kg7 69. Qh8+ Kxh8 1/2-1/2

[Event "Fagernes Chess GM-Swiss 2025"]
[Site "Fagernes"]
[Date "2025.04.17"]
[Round "6.25"]
[White "Andersen, Morten"]
[Black "Holand, Per Fredrik"]
[Result "1/2-1/2"]
[Annotator "RC"]
[ECO "B14"]
[WhiteElo "2200"]
[BlackElo "2070"]
[PlyCount "43"]
[EventDate "2025.04.12"]
[EventCountry "NOR"]
[SourceTitle "playchess.com"]
[Source "ChessBase"]
[SourceQuality "1"]
[TimeControl "40/6000+30:2400+30"]

1. Nf3 c5 2. e3 Nf6 3. c4 g6 4. d4 cxd4 5. exd4 d5 6. Nc3 Bg7 7. Qb3 O-O 8. cxd5 Nbd7 9. g3 Nb6 10. Bg2 Nbxd5 11. O-O h6 12. Ne5 e6 13. Rd1 a5 14. a4 b6 15. Nb5 Bb7 16. Bd2 Qe7 17. Qa3 Qxa3 18. bxa3 Rfd8 19. Rdc1 Rac8 20. Nc4 Rb8 21. Rab1 Bf8 22. Rc2 1/2-1/2

[Event "Fagernes Chess GM-Swiss 2025"]
[Site "Fagernes"]
[Date "2025.04.17"]
[Round "6.26"]
[White "Kittilsen, Sigurd"]
[Black "Westrum, Kim Roger Hansen"]
[Result "0-1"]
[Annotator "RC"]
[ECO "B32"]
[WhiteElo "2010"]
[BlackElo "2193"]
[PlyCount "72"]
[EventDate "2025.04.12"]
[EventCountry "NOR"]
[SourceTitle "playchess.com"]
[Source "ChessBase"]
[SourceQuality "1"]
[TimeControl "40/6000+30:2400+30"]

1. e4 c5 2. Nf3 Nc6 3. d4 cxd4 4. Nxd4 e5 5. Nb5 d6 6. N1c3 a6 7. Na3 Be7 8. Be3 Nf6 9. Nc4 b5 10. Nb6 Rb8 11. Nxc8 Qxc8 12. f3 O-O 13. Bd3 b4 14. Nd5 Nxd5 15. exd5 Nd4 16. Bxd4 exd4 17. O-O Qc5 18. Qe2 Bf6 19. Rfe1 g6 20. a3 b3 21. Kf1 Bg5 22. cxb3 Rxb3 23. Qe4 Be3 24. Re2 Qc8 25. Rae1 f5 26. Qe7 Rxd3 27. Qxd6 f4 28. h4 Rb3 29. Rc2 Qxc2 30. Qe6+ Rf7 31. Qe8+ Kg7 32. Qe5+ Rf6 33. Qe7+ Kh6 34. Re2 Qd1+ 35. Re1 Qd3+ 36. Re2 Rxb2 0-1

[Event "Fagernes Chess GM-Swiss 2025"]
[Site "Fagernes"]
[Date "2025.04.17"]
[Round "6.27"]
[White "Olsen, William Alexander"]
[Black "Den Roover, Nikolay Jorgensen"]
[Result "1-0"]
[Annotator "RC"]
[ECO "A43"]
[WhiteElo "2188"]
[BlackElo "2004"]
[PlyCount "43"]
[EventDate "2025.04.12"]
[EventCountry "NOR"]
[SourceTitle "playchess.com"]
[Source "ChessBase"]
[SourceQuality "1"]
[TimeControl "40/6000+30:2400+30"]

1. d4 Nf6 2. Nf3 c5 3. d5 b5 4. e4 Nxe4 5. Bd3 Nf6 6. Bxb5 Bb7 7. c4 e6 8. Nc3 a6 9. Ba4 Qc7 10. Qb3 exd5 11. O-O d4 12. Bf4 Qc8 13. Rfe1+ Be7 14. Bd6 Ng8 15. Nd5 Bxd5 16. cxd5 Kf8 17. Rxe7 Nxe7 18. Re1 h5 19. Rxe7 Kg8 20. Ng5 c4 21. Qb7 Qxb7 22. Re8# 1-0

[Event "Fagernes Chess GM-Swiss 2025"]
[Site "Fagernes"]
[Date "2025.04.17"]
[Round "6.28"]
[White "Hausken, Andreas Skrede"]
[Black "Verbin, Valentina"]
[Result "1/2-1/2"]
[Annotator "NA RC"]
[ECO "B22"]
[WhiteElo "2002"]
[BlackElo "2113"]
[PlyCount "120"]
[EventDate "2025.04.12"]
[EventCountry "NOR"]
[SourceTitle "playchess.com"]
[Source "ChessBase"]
[SourceQuality "1"]
[TimeControl "40/6000+30:2400+30"]

1. e4 c5 2. Nf3 e6 3. c3 d5 4. exd5 Qxd5 5. d4 Nf6 6. Be3 cxd4 7. cxd4 Bb4+ 8. Nc3 O-O 9. Bd3 Bd7 10. O-O Bxc3 11. bxc3 Bb5 12. a4 Bxd3 13. Qxd3 Nc6 14. c4 Qe4 15. Qc3 b6 16. Nd2 Qg6 17. f3 Rac8 18. Rfd1 Rfd8 19. Nb3 a5 20. d5 exd5 21. Bxb6 Re8 22. Nxa5 Re2 23. Bf2 d4 24. Rxd4 Nxd4 25. Qxd4 Rce8 26. c5 Nh5 27. Rf1 Qg5 28. h4 Qg6 29. c6 Qc2 30. Nc4 Ng3 31. Ne3 R8xe3 32. Bxg3 Qxc6 33. Rf2 Re1+ 34. Kh2 h6 35. Rb2 R1e2 36. a5 Rxb2 37. Qxb2 Qa8 38. Qb6 Re6 39. Qb4 Qa7 40. Qb8+ Qxb8 41. Bxb8 Kf8 42. g4 Ke7 43. Bc7 Kd7 44. Bb6 Kc6 45. Kg3 Kd5 46. Kf4 Kc4 47. h5 Kd3 48. Kg3 Rc6 49. Kf4 Rf6+ 50. Kg3 Rc6 51. Kf4 Ke2 52. Bd4 Rc4 53. Ke4 Ra4 54. a6 Rxa6 55. Bxg7 Re6+ 56. Kf4 Kf2 57. g5 hxg5+ 58. Kxg5 Kxf3 59. h6 Rg6+ 60. Kf5 Rxh6 1/2-1/2

[Event "Fagernes Chess GM-Swiss 2025"]
[Site "Fagernes"]
[Date "2025.04.17"]
[Round "6.29"]
[White "Berget, Eirik"]
[Black "Lilliehook, Victor"]
[Result "1/2-1/2"]
[Annotator "NA RC"]
[ECO "B33"]
[WhiteElo "2041"]
[BlackElo "1993"]
[PlyCount "64"]
[EventDate "2025.04.12"]
[EventCountry "NOR"]
[SourceTitle "playchess.com"]
[Source "ChessBase"]
[SourceQuality "1"]
[TimeControl "40/6000+30:2400+30"]

1. e4 c5 2. Nf3 Nc6 3. d4 cxd4 4. Nxd4 Nf6 5. Nc3 e5 6. Nxc6 bxc6 7. Bd3 Bb4 8. O-O O-O 9. Bg5 Bxc3 10. bxc3 d5 11. Qe2 Re8 12. h3 Qd6 13. Rad1 Qe6 14. Bxf6 Qxf6 15. c4 d4 16. Qd2 c5 17. f4 exf4 18. Rxf4 Qd6 19. Rdf1 f6 20. Qe2 Re5 21. Rb1 Bd7 22. Rb3 a5 23. Rf1 a4 24. Rb2 Bc6 25. Qf3 Rae8 26. Qg3 Qd7 27. Rxf6 Bxe4 28. Bxe4 Rxe4 29. Rf3 Re3 30. Rb8 Rxf3 31. Rxe8+ Qxe8 32. Qxf3 Qe1+ 1/2-1/2

[Event "Fagernes Chess GM-Swiss 2025"]
[Site "Fagernes"]
[Date "2025.04.17"]
[Round "6.30"]
[White "Stromhaug, Kristoffer Wang"]
[Black "Ashwath Kaushik"]
[Result "1/2-1/2"]
[Annotator "NA RC"]
[ECO "B45"]
[WhiteElo "2020"]
[BlackElo "1958"]
[PlyCount "153"]
[EventDate "2025.04.12"]
[EventCountry "NOR"]
[SourceTitle "playchess.com"]
[Source "ChessBase"]
[SourceQuality "1"]
[TimeControl "40/6000+30:2400+30"]

1. e4 c5 2. Nf3 e6 3. d4 cxd4 4. Nxd4 Nf6 5. Nc3 Nc6 6. Ndb5 Bc5 7. Nd6+ Ke7 8. Bf4 e5 9. Nf5+ Kf8 10. Be3 Bb4 11. Bd2 Bxc3 12. Bxc3 d5 13. Ng3 Be6 14. Bd3 Qb6 15. Qc1 d4 16. Bd2 Nb4 17. b3 Qc5 18. O-O Nd7 19. f4 f6 20. Qb2 a5 21. Rac1 Ke7 22. Kh1 Rac8 23. Be2 exf4 24. Bxf4 Ne5 25. a3 Nbc6 26. Bd2 b5 27. b4 axb4 28. Bxb4 Nxb4 29. Qxb4 Qxb4 30. axb4 Nc4 31. Nf5+ Bxf5 32. Rxf5 Ne5 33. Bxb5 Rb8 34. Bd3 Rxb4 35. Rff1 Rc8 36. Rb1 Rxb1 37. Rxb1 Rc3 38. Rd1 Ng4 39. Kg1 Ne3 40. Rc1 Nxc2 41. Rxc2 Rxd3 42. Rc7+ Kf8 43. Rd7 Rd2 44. Kf1 h5 45. g3 g5 46. h4 gxh4 47. gxh4 d3 48. Rd5 Kf7 49. Rxh5 Rh2 50. Ke1 Re2+ 51. Kd1 Rxe4 52. Kd2 Rd4 53. Rb5 Kg6 54. h5+ Kh6 55. Rf5 Rd6 56. Ra5 Rd7 57. Rb5 Kg7 58. Ra5 Kh7 59. Rf5 Kg7 60. Ra5 Kf7 61. Rb5 Ke6 62. h6 Kf7 63. h7 Kg7 64. Rh5 Rd8 65. Rh3 Rh8 66. Kxd3 Rxh7 67. Rxh7+ Kxh7 68. Ke4 Kg6 69. Kf4 f5 70. Kf3 Kg5 71. Kg3 f4+ 72. Kf3 Kf5 73. Kf2 Ke4 74. Ke2 f3+ 75. Kf2 Kf4 76. Kf1 Ke3 77. Ke1 1/2-1/2

[Event "Fagernes Chess GM-Swiss 2025"]
[Site "Fagernes"]
[Date "2025.04.17"]
[Round "6.31"]
[White "Arvola, Daniel"]
[Black "Gasland, Lukas Dominik"]
[Result "1-0"]
[Annotator "NA RC"]
[ECO "C78"]
[WhiteElo "2088"]
[BlackElo "1994"]
[PlyCount "103"]
[EventDate "2025.04.12"]
[EventCountry "NOR"]
[SourceTitle "playchess.com"]
[Source "ChessBase"]
[SourceQuality "1"]
[TimeControl "40/6000+30:2400+30"]

1. e4 e5 2. Nf3 Nc6 3. Bb5 a6 4. Ba4 Nf6 5. O-O b5 6. Bb3 Bc5 7. d3 h6 8. c3 d6 9. Nbd2 O-O 10. a4 Rb8 11. h3 Be6 12. Bc2 Qd7 13. Nh2 d5 14. axb5 axb5 15. Qf3 Nh7 16. Nb3 Bb6 17. g4 dxe4 18. dxe4 Bc4 19. Rd1 Qe6 20. Nd2 Ng5 21. Qg3 Qf6 22. Kg2 Be2 23. Re1 Nxh3 24. Rxe2 Nf4+ 25. Kf1 Nxe2 26. Kxe2 Rfd8 27. Ndf3 Qe6 28. g5 h5 29. Kf1 b4 30. Nd2 bxc3 31. bxc3 g6 32. Kg2 Bc5 33. Bd3 Rd6 34. Bc4 Qd7 35. Qf3 Bb6 36. Bd5 Na5 37. Ba3 c5 38. Nhf1 Qe7 39. Qg3 Rd7 40. Nf3 Bc7 41. Ne3 Kg7 42. Ba2 Bd6 43. Nd5 Qd8 44. Nf6 Ra7 45. Rd1 Nc4 46. Bxc4 Rxa3 47. Nh4 Rb6 48. Rd5 Kf8 49. Qd3 Qc7 50. Nf3 Ra7 51. Nxe5 Bxe5 52. Rd8+ 1-0

[Event "Fagernes Chess GM-Swiss 2025"]
[Site "Fagernes"]
[Date "2025.04.17"]
[Round "6.32"]
[White "Halvorsen, Benjamin"]
[Black "Kaewpitakkun, Pantham"]
[Result "1/2-1/2"]
[Annotator "NA RC"]
[ECO "B82"]
[WhiteElo "1966"]
[BlackElo "2026"]
[PlyCount "84"]
[EventDate "2025.04.12"]
[EventCountry "NOR"]
[SourceTitle "playchess.com"]
[Source "ChessBase"]
[SourceQuality "1"]
[TimeControl "40/6000+30:2400+30"]

1. e4 c5 2. Nf3 d6 3. d4 cxd4 4. Nxd4 Nf6 5. Nc3 a6 6. f4 e6 7. Qf3 h5 8. h3 Qc7 9. Be3 Nbd7 10. Nb3 b5 11. Bd3 Bb7 12. O-O Nc5 13. Nd2 h4 14. a4 b4 15. Ne2 d5 16. Bxc5 Bxc5+ 17. Kh1 dxe4 18. Nxe4 O-O-O 19. Bxa6 Bxa6 20. Nxc5 Qxc5 21. Qa8+ Kc7 22. Qxa6 Rd6 23. Qb5 Qxb5 24. axb5 Rd2 25. Rfe1 Nh5 26. Kg1 Kb7 27. c4 bxc3 28. bxc3 Rc8 29. Rad1 Rb2 30. Rd7+ Rc7 31. Rxc7+ Kxc7 32. Kf1 Rxb5 33. Kf2 Rb3 34. Kf3 Ng3 35. Rc1 Nxe2 36. Kxe2 Kc6 37. Rc2 Ra3 38. Kd3 Ra4 39. Rf2 Kd5 40. Ke3 Ra3 41. Kd3 Ra4 42. Ke3 Ra3 1/2-1/2

[Event "Fagernes Chess GM-Swiss 2025"]
[Site "Fagernes"]
[Date "2025.04.17"]
[Round "6.33"]
[White "Strand, Amund Pihl"]
[Black "Haugen, Lars Tormod"]
[Result "0-1"]
[Annotator "NA RC"]
[ECO "B30"]
[WhiteElo "1914"]
[BlackElo "1988"]
[PlyCount "62"]
[EventDate "2025.04.12"]
[EventCountry "NOR"]
[SourceTitle "playchess.com"]
[Source "ChessBase"]
[SourceQuality "1"]
[TimeControl "40/6000+30:2400+30"]

1. e4 c5 2. Nf3 Nc6 3. Bb5 e5 4. O-O Bd6 5. c3 a6 6. Bxc6 dxc6 7. h3 Ne7 8. Na3 Ng6 9. d3 O-O 10. Be3 b6 11. Nc4 Bc7 12. a4 a5 13. Qe2 Ba6 14. Rfd1 Qe7 15. Ncd2 Rad8 16. Nf1 Qd6 17. Ne1 Nf4 18. Bxf4 exf4 19. Qf3 f5 20. exf5 Rxf5 21. d4 Qe6 22. Rd2 cxd4 23. Rad1 Re8 24. Nc2 c5 25. Re1 Re5 26. Rxe5 Qxe5 27. cxd4 cxd4 28. Rxd4 Qe2 29. Qxe2 Rxe2 30. Nce3 fxe3 31. Nxe3 Re1+ 0-1